 Dungeon Crawl Stone Soup version 0.24.0-123-gd5b16e6ec5 (webtiles) character file.

Game seed: 1357003263360669255, levelgen mode: deterministic

522 Curus the Chopper (level 7, -6/57 HPs)
             Began as a Hill Orc Abyssal Knight on Jan 8, 2020.
             Was a Believer of Lugonu.
             Killed from afar by an orc wizard (8 damage)
             ... with a magic dart
             ... on level 5 of the Dungeon.
             The game lasted 00:11:33 (4082 turns).

Curus the Chopper (Hill Orc Abyssal Knight)         Turns: 4082, Time: 00:11:34

Health: -6/57      AC: 10    Str: 12 (15) XL:     7   Next: 22%
Magic:  12/12      EV:  4    Int: 11 (12) God:    Lugonu [**....]
Gold:   187        SH:  3    Dex: 11 (12) Spells: 6/6 levels left

rFire    . . .     SeeInvis .   a - +1 hand axe
rCold    . . .     Gourm    .   h - +0 buckler
rNeg     + . .     Faith    .   p - +0 chain mail
rPois    .         Spirit   .   (no helmet)
rElec    .         Reflect  .   m - +0 cloak
rCorr    .         Harm     .   (no gloves)
MR       .....                  g - +0 pair of boots
Stlth    ..........             (no amulet)
HPRegen  0.19/turn              e - ring of wizardry
MPRegen  0.13/turn              l - ring of positive energy

@: no status effects
A: no striking features
a: Depart the Abyss, Bend Space, Renounce Religion


You were on level 5 of the Dungeon.
You worshipped Lugonu.
Lugonu was pleased with you.
You were not hungry.

You visited 1 branch of the dungeon, and saw 5 of its levels.
You visited the Abyss 1 time.

You collected 187 gold pieces.

Inventory:

Hand Weapons
 a - a +1 hand axe (weapon)
Armour
 b - a +1 leather armour
 d - a +0 ring mail
 g - a +0 pair of boots (worn)
 h - a +0 buckler (worn)
 m - a +0 cloak (worn)
 n - a +0 scale mail
 p - a +0 chain mail (worn)
 r - the -6 buckler of the Tired Allies {-Cast -Tele rC+++ rN++ Stlth+}
   (You found it on level 4 of the Dungeon)

   It renders you almost immune to cold.
   It greatly protects you from negative energy.
   It prevents spellcasting.
   It prevents most forms of teleportation.
   It makes you more stealthy.
Jewellery
 e - a ring of wizardry (left hand)
 l - a ring of positive energy (right hand)
 s - an uncursed ring of attention
Wands
 o - a wand of acid (11)
Scrolls
 i - 7 scrolls of identify
 j - 3 scrolls of teleportation
 k - 2 scrolls of remove curse
Potions
 f - 3 potions of brilliance
 q - a potion of degeneration
Comestibles
 c - 9 rations


   Skills:
 - Level 3.6 Fighting
 + Level 7.3 Axes
 - Level 2.1 Armour
 - Level 0.7 Dodging
 + Level 7.2 Invocations


You had 6 spell levels left.
You didn't know any spells.
Your spell library was empty.

Dungeon Overview and Level Annotations

Branches:
Dungeon (5/15)
 Temple: D:4-7

Altars:


Message History

The orc wizard is almost dead.
You closely miss the hound. The hound bites you but does no damage.
The orc wizard points at you and mumbles some strange words.
You resist with some effort.
You closely miss the orc wizard.
The orc wizard is almost dead.
You hit the hound. The hound bites you but does no damage.
The orc wizard gestures wildly while chanting.
The orc wizard blinks!
You hit the hound.
The hound is severely wounded.
The hound bites you.
* * * LOW HITPOINT WARNING * * *
The hound bites you but does no damage.
Your shield and chain mail prevent you from hitting the hound.
The hound is severely wounded.
The hound bites you but does no damage.
The orc wizard points at you and mumbles some strange words.
The magic dart hits you!
You die...

,,,,,,,,,,,,* *,**,,,,,,,,,,,*
,***,***,*#,* *,**,*,,,,,,,,**
,**,,,**,*#.* *#.**.###,,,*,,*,
,*,,,,,*,*#.#* ##.,##...###,,,**,
,,,,*,,,,*#..#*#..*#..#...###,*,,
,*,,,,,*,*#...##.###........#####
,**,,,**,,,....#..#...........#.#
****,*****,**#..)##........#.##..
⌠*,,,,,*,.,,,#)§@#.(...#.....#..#
,*,,,,,*,.(..#oh##.#........##...
,,,,,,,,....................#....
,*,,,,,*..%..#..###........##....
⌠*,,,,,*....,#.##*###...#).#.....
****,***##.**#.,,*,,###)))##.#...
,*,,,,,*..,,,..*,,,,,*###........
,*,8,8,*.,,,###***,,,*,*#####....
,,,,8,,,,,,,,,,,,,,,,,,,,,,,###..


You could see a hound and an orc wizard.

Vanquished Creatures
  An ogre (D:4)
  A bullfrog zombie (D:5)
  A hound (D:5)
  Crazy Yiuf (D:3)
  An orc priest (D:3)
  3 orc wizards
  2 centaur skeletons
  A hound skeleton (D:5)
  3 gnolls (D:5)
  4 adders
  An ooze (D:4)
  2 adder skeletons (D:4)
  2 worms (D:2)
  3 dart slugs
  4 leopard geckos
  14 orcs
  A ball python (D:3)
  7 giant cockroaches
  7 goblins
  4 hobgoblins
  5 jackals
  10 kobolds
  A quokka (D:4)
  4 bats
  A frilled lizard (D:3)
  8 rats
92 creatures vanquished.

Notes
Turn   | Place    | Note
-------+----------+-------------------------------------------
     0 | Abyss:1  | Curus the Hill Orc Abyssal Knight began the quest for the
                  | Orb.
     0 | Abyss:1  | Reached XP level 1. HP: 19/19 MP: 2/2
     4 | Abyss:1  | Found a corrupted altar of Lugonu.
    58 | Abyss:1  | Noticed a small abomination
    59 | D:1      | Escaped the Abyss
   139 | D:1      | Reached XP level 2. HP: 25/26 MP: 4/4
   222 | D:1      | Reached * piety under Lugonu
   579 | D:1      | Reached XP level 3. HP: 25/31 MP: 5/5
  1766 | D:2      | Reached XP level 4. HP: 39/39 MP: 7/7
  1961 | D:3      | Reached ** piety under Lugonu
  2284 | D:3      | Reached skill level 5 in Axes
  2284 | D:3      | Reached skill level 5 in Invocations
  2284 | D:3      | Reached XP level 5. HP: 31/45 MP: 8/8
  2658 | D:3      | Found a runed translucent door.
  2659 | D:3      | Noticed Crazy Yiuf
  2890 | D:3      | Killed Crazy Yiuf
  2916 | D:4      | Noticed an ogre
  2922 | D:4      | Killed an ogre
  2922 | D:4      | Reached XP level 6. HP: 23/51 MP: 10/10
  3039 | D:4      | Got a scorched buckler
  3050 | D:4      | Identified the cursed -6 buckler of the Tired Allies {-Cast
                  | -Tele rC+++ rN++ Stlth+} (You found it on level 4 of the
                  | Dungeon)
  3921 | D:5      | Entered Level 5 of the Dungeon
  4018 | D:5      | Reached XP level 7. HP: 46/57 MP: 12/12
  4081 | D:5      | HP: 2/57 [hound (3)]
  4082 | D:5      | Killed from afar by an orc wizard

Levels and vault maps discovered:
D:1:      eino_arrival_water_star, layout_basic, minivault_4
D:2:      cheibrodos_helix_gallery, layout_rooms, first_ration,
          lemuel_another_geyser
D:3:      layout_basic, fountainhead, kennysheep_generic_room_7,
          uniq_crazy_yiuf_cottage
D:4:      layout_basic
D:5:      minmay_skewed_foursquare, layout_rooms, slow_altar_2,
          minmay_chambers_of_fives, uniq_blork_the_orc, uniq_edmund

Skill      XL: |  1  2  3  4  5  6  7 |
---------------+----------------------+-----
Axes           | 3 4 5 6 7 |  7.3
Invocations    | 3 4 5 6 7 |  7.2
Fighting       | |  3.6
Armour         | |  2.1
Dodging        | |  0.7

Action                   |  1- 3 |  4- 6 |  7- 9 || total
-------------------------+-------+-------+-------++-------
Melee: Hand axe          |   133 |   217 |    46 ||   396
Invok: Depart the Abyss  |     1 |       |       ||     1
Evoke: Wand              |       |     1 |       ||     1
  Use: Potion            |     5 |     1 |       ||     6
       Scroll            |     4 |     4 |       ||     8
  Eat: Chunk             |     3 |     4 |       ||     7
       Ration            |       |     1 |       ||     1
Armor: Leather armour    |     3 |       |       ||     3
       Ring mail         |    63 |     8 |       ||    71
       Scale mail        |       |    30 |       ||    30
       Chain mail        |       |    46 |    47 ||    93
Dodge: Dodged            |    44 |    62 |     8 ||   114
Block: Buckler           |     6 |    18 |     1 ||    25
